 Dungeon Crawl Stone Soup version 0.30-a0-1114-gd936c97349 (webtiles) character file.

Game seed: 10486179584529584231

872 Newt the Cudgeller (level 7, -7/54 HPs)
             Began as a Demonspawn Gladiator on Apr 20, 2023.
             Was a Follower of Okawaru.
             Mangled by a gnoll sergeant
             ... wielding a +0 trident
              (15 damage)
             ... on level 4 of the Dungeon.
             The game lasted 00:06:02 (5953 turns).

Newt the Cudgeller (Demonspawn Gladiator)           Turns: 5953, Time: 00:06:03

Health: -7/54      AC:  3    Str: 16    XL:     7   Next: 74%
Magic:  7/7        EV: 11    Int: 10    God:    Okawaru [*.....]
Gold:   142        SH: 10    Dex: 14    Spells: 6/6 levels left

rFire   . . .      SeeInvis .    x - +4 whip (flame)
rCold   . . .      Faith    .    h - +1 kite shield
rNeg    + . .      Spirit   .    b - +0 leather armour
rPois   .          Reflect  .    (helmet restricted)
rElec   .          Rampage  .    (no cloak)
rCorr   .                        (no gloves)
Will    .....                    (no boots)
Stlth   +                        (no amulet)
HPRegen 0.29/turn                f - +4 ring of slaying
MPRegen 0.10/turn                y - ring of positive energy

@: no status effects
A: antennae 1, claws 2, hooves 1
a: Renounce Religion, Heroism


You were on level 4 of the Dungeon.
You worshipped Okawaru.
Okawaru was aware of your devotion.
You visited 1 branch of the dungeon, and saw 5 of its levels.

You collected 230 gold pieces.
You spent 88 gold pieces at shops.

Inventory:

Hand Weapons
 a - a +0 rapier
 u - a +2 scythe of venom
 x - a +4 whip of flaming (weapon)
Missiles
 g - 31 stones (quivered)
Armour
 b - a +0 leather armour (worn)
 c - a +0 helmet
 h - a +1 kite shield (worn)
 v - a +2 robe of cold resistance
 A - a +0 pair of boots
Jewellery
 f - a +4 ring of slaying (left claw)
 y - a ring of positive energy (right claw)
 C - a ring of protection from fire
Wands
 i - a wand of roots (14)
 s - a wand of flame (27)
 t - a wand of light (2)
Scrolls
 n - a scroll of noise
 o - 2 scrolls of brand weapon
 r - a scroll of identify
 z - a scroll of teleportation
Potions
 j - a potion of flight {unknown}
 k - 2 potions of haste
 l - 2 potions of might
 m - a potion of curing
 p - 2 potions of brilliance
 q - a potion of degeneration
 w - a potion of resistance
 B - 3 potions of attraction {unknown}


   Skills:
 - Level 4.0 Fighting
 - Level 2.6 Short Blades
 + Level 5.1 Maces & Flails
 - Level 1.7 Throwing
 - Level 4.0 Dodging
 - Level 4.0 Shields


You had 6 spell levels left.
You didn't know any spells.
Your spell library contained the following spells:

 Spells                   Type           Power      Damage    Failure   Level
 Magic Dart               Conj           0%         1d3       80%         1
 Mephitic Cloud           Conj/Pois/Air  0%         N/A       99%         3
 Call Imp                 Summ           Unusable   N/A       N/A         2
 Summon Forest            Summ/Tloc      Unusable   N/A       N/A         5
 Summon Mana Viper        Hex/Summ       Unusable   N/A       N/A         5
 Summon Cactus Giant      Summ           Unusable   N/A       N/A         6

Dungeon Overview and Level Annotations

Branches:
Dungeon (5/15)
 Temple: D:4-7

Altars:
Dithmenos
Gozag
Kikubaaqudgha
Makhleb
Okawaru
Ru
Trog
Uskayaw
Wu Jian
Xom

Shops:
D:1 (


Innate Abilities, Weirdness & Mutations

You have a pair of small antennae on your head.
You have very sharp fingernails.
You have large cloven feet.


Message History

The gnoll sergeant hits you with a +0 trident!
You block the gnoll's attack.
There is a stone staircase leading up, spattered with blood here.
Unknown command.
You can't go down here!
Unknown command.
You block the gnoll's attack. You block the gnoll sergeant's attack.
The gnoll barely misses you.
You climb upwards.
There is a stone staircase leading down, spattered with blood here.
Unknown command.
Unknown command.
You hit the gnoll sergeant. You burn the gnoll sergeant.
You kick the gnoll sergeant, but do no damage.
The gnoll sergeant is heavily wounded.
Your attacks no longer feel as feeble.
The gnoll sergeant hits you with a +0 trident!
* * * LOW HITPOINT WARNING * * *
You hit the gnoll sergeant. You burn the gnoll sergeant.
The gnoll sergeant is severely wounded.
The gnoll sergeant hits you with a +0 trident.
* * * LOW HITPOINT WARNING * * *
Unknown command.
Throw: javelin
Press: ? - help, Shift-Dir - straight line, f - gnoll sergeant
Aim: a gnoll sergeant, wielding a +0 trident and wearing a +0 scale mail (severely wounded, covering ground quickly, 72% to hit)
You throw a javelin.
The javelin barely misses the gnoll sergeant.
The gnoll sergeant barely misses you.
You closely miss the gnoll sergeant.
The gnoll sergeant is severely wounded.
You block the gnoll sergeant's attack.
Unknown command.
You hit the gnoll sergeant. You burn the gnoll sergeant.
You kick the gnoll sergeant, but do no damage.
The gnoll sergeant is severely wounded.
The gnoll sergeant hits you with a +0 trident!
* * * LOW HITPOINT WARNING * * *
The gnoll sergeant hits you with a +0 trident!
You die...

#.......############## #.
##.####.# #.......# #. #.#
##.#####.###.# #. #.#
#..........#.# ##
#.###.....##[#.#.# ######
##...'........#.#.####.....
#...##.....####.#.##.+.....
############.......#.#...#.
#..(.....g@#.##.####.#..###
##.#######[#.#.....#.#...#.
#.# #.#.#...###.#..... #.#
#.#.#...#.#.####.# #.#
#.#.#.....#.###... #.#
#......##.#.....#.
#.#######.#............###
#.>.......#.#..##.#.....#.
#########.#.#...#.+.......


You could see a gnoll sergeant (swift).

Vanquished Creatures
  Sigmund (D:3)
  Menkaure (D:4)
  An ogre (D:4)
  A scorpion (D:4)
  A vampire bat (D:4)
  2 orc priests (D:4)
  Jessica (D:2)
  Natasha (thrice) (D:2)
  9 gnolls
  5 adders
  A worm (D:3)
  A dart slug (D:1)
  3 fire bats (D:4)
  4 orcs (D:4)
  2 spectral bats (D:4)
  2 ball pythons
  13 bats
  3 bat skeletons (D:4)
  A bat zombie (D:4)
  2 endoplasms
  3 giant cockroaches
  6 goblins
  4 hobgoblins
  2 quokkas
  A bat simulacrum (D:4)
  5 kobolds
  3 rats
81 creatures vanquished.

Notes
Turn   | Place    | Note
-------+----------+-------------------------------------------
     0 | D:1      | Newt the Demonspawn Gladiator began the quest for the Orb.
     0 | D:1      | Reached XP level 1. HP: 16/16 MP: 1/1
   155 | D:1      | Discovered your monstrous ancestry.
   155 | D:1      | Gained mutation: You have a pair of small antennae on your
                  | head. [demonic ancestry]
   155 | D:1      | Reached XP level 2. HP: 8/24 MP: 2/2
   529 | D:1      | Found Omuytow's Antique Weapon Shop.
   714 | D:2      | Noticed Jessica
   719 | D:2      | Killed Jessica
   720 | D:2      | Gained mutation: You have large cloven feet. [demonic
                  | ancestry]
   720 | D:2      | Reached XP level 3. HP: 27/30 MP: 3/3
  1163 | D:2      | Noticed Natasha
  1169 | D:2      | Killed Natasha
  1170 | D:2      | Gained mutation: You have sharp fingernails. [demonic
                  | ancestry]
  1170 | D:2      | Reached XP level 4. HP: 28/37 MP: 4/4
  1343 | D:2      | Found a faded altar of an unknown god.
  1437 | D:2      | Noticed Natasha
  1448 | D:2      | Killed Natasha
  1720 | D:2      | Noticed Natasha
  1729 | D:2      | Killed Natasha
  1730 | D:2      | Reached XP level 5. HP: 20/42 MP: 5/5
  2217 | D:3      | Noticed Sigmund
  2221 | D:3      | Reached skill level 1 in Shields
  2226 | D:3      | Killed Sigmund
  2227 | D:3      | Reached XP level 6. HP: 35/48 MP: 6/6
  2389 | D:1      | Bought a glowing whip for 88 gold pieces
  2526 | D:3      | Found a hide-covered altar of Uskayaw.
  2557 | D:3      | Found an ancient bone altar of Kikubaaqudgha.
  2557 | D:3      | Found a burning altar of Makhleb.
  2558 | D:3      | Found an ornate altar of the Wu Jian Council.
  2711 | D:3      | Found an iron altar of Okawaru.
  2749 | D:3      | Became a worshipper of Warmaster Okawaru
  3050 | D:4      | Reached skill level 1 in Maces & Flails
  3147 | D:4      | Reached skill level 2 in Maces & Flails
  3379 | D:4      | Found an opulent altar of Gozag.
  3381 | D:4      | Found a sacrificial altar of Ru.
  3381 | D:4      | Found a shadowy altar of Dithmenos.
  3391 | D:4      | Found a shimmering altar of Xom.
  3391 | D:4      | Found a bloodstained altar of Trog.
  3753 | D:4      | Reached skill level 3 in Maces & Flails
  3753 | D:4      | Gained mutation: You have very sharp fingernails. [demonic
                  | ancestry]
  3753 | D:4      | Reached XP level 7. HP: 28/54 MP: 7/7
  4482 | D:5      | Entered Level 5 of the Dungeon
  5175 | D:4      | Reached skill level 4 in Maces & Flails
  5315 | D:5      | Noticed Menkaure
  5822 | D:4      | Killed Menkaure
  5822 | D:4      | Reached * piety under Okawaru
  5823 | D:4      | Reached skill level 5 in Maces & Flails
  5953 | D:4      | Mangled by a gnoll sergeant

Illustrated notes

Levels and vault maps discovered:
D:1:      roderic_crossed_star, layout_rooms, serial_shops,
          nicolae_shop_behind_doors
D:2:      layout_basic, hellmonk_ecumenical_altar_pennies_from_heaven,
          chequers_arboretum, minmay_misc_feat_rows,
          kennysheep_decorative_pillar, uniq_natasha, uniq_jessica
D:3:      layout_loops_cross, okawaru_metal_pillars_1_2, marbit_many_paths,
          gammafunk_temple_overflow_claw, chequers_serial_rivers_micro_a,
          uniq_sigmund
D:4:      layout_basic, minmay_overflow_temple_hex, minmay_strange_pillars,
          goddamned_bats
D:5:      layout_cave_pools, mainiacjoe_overflow_24_doors,
          minmay_temple_entry_offerings, dreamdust_wishing_well, uniq_menkaure

Skill      XL: |  1  2  3  4  5  6  7 |
---------------+----------------------+-----
Fighting       | 3 4 |  4.0
Dodging        | 3 4 |  4.0
Shields        | 3 4 |  4.0
Maces & Flails | 3 5 |  5.1
Short Blades   | |  2.6
Throwing       | |  1.7

Action                     |  1- 3 |  4- 6 |  7- 9 || total
---------------------------+-------+-------+-------++-------
  Melee: Rapier            |    58 |    33 |       ||    91
         Kick              |     6 |    21 |    10 ||    37
         Whip              |       |    55 |    50 ||   105
  Throw: Throwing net      |     1 |     1 |     1 ||     3
         Stone             |     3 |       |       ||     3
         Javelin           |       |       |     1 ||     1
    Use: Scroll            |     2 |     5 |       ||     7
         Potion            |       |     3 |       ||     3
   Stab: Held in net/web   |       |     1 |     1 ||     2
         Sleeping          |       |     2 |       ||     2
 Armour: Leather armour    |    11 |    79 |     7 ||    97
  Dodge: Dodged            |    26 |   103 |    28 ||   157
  Block: Kite shield       |    13 |    78 |    33 ||   124

Table legend: (Time is in decaauts)
 A = Elapsed time spent in this place.
 B = Non-inter-level travel time spent in this place.
 C = Inter-level travel time spent in this place.
 D = Time resting spent in this place.
 E = Time spent auto-exploring this place.
 F = Levels seen in this place.
 G = Mean time per level.
                   A        B        C        D        E       F      G
               +--------+--------+--------+--------+--------+-----+--------+
         Total |   6018 |   5666 |    352 |   2113 |   2947 |   5 | 1203.6 |
       Dungeon |   6018 |   5666 |    352 |   2113 |   2947 |   5 | 1203.6 |
               +--------+--------+--------+--------+--------+-----+--------+

Top non-repeatable levels by time:
     D:4: 2931 daAuts
     D:2: 1535 daAuts
     D:3: 781 daAuts
     D:1: 734 daAuts
     D:5: 34 daAuts
